 Dungeon Crawl Stone Soup version 0.29.1-2-gbd0b4ee654 (webtiles) character file.

Game seed: 14748561432448070440

100160 raph the Peltast (level 15, 0/205 HPs)
             Began as a Minotaur Berserker on Nov 5, 2022.
             Was a High Priest of Trog.
             Slain by an Ice Fiend (7 damage)
             ... in an ice cave.
             The game lasted 00:35:53 (22163 turns).

raph the Peltast (Minotaur Berserker)              Turns: 22163, Time: 00:35:53

Health: 0/205      AC: 21    Str: 36    XL:     15   Next: 79%
Magic:  14/14      EV: 19    Int:  4    God:    Trog [*****.]
Gold:   1227       SH: 22    Dex: 21    Spells: 14/14 levels left

rFire   + + +      SeeInvis .   a - +11 trident "Voiskoeg" {vorpal, *Slow rF+ Str+8}
rCold   + + +      Faith    .   X - +0 tower shield
rNeg    . . .      Spirit   .   E - +3 swamp dragon scales
rPois   +          Reflect  .   C - +1 hat of Indemnity {Drain Dex+4 Stlth+}
rElec   +          Harm     .   g - +2 cloak {rPois}
rCorr   +          Rampage  +   A - -2 pair of gloves of Ivyp {Rampage rC+++ Will- Stlth+}
Will    ++...                   I - +1 pair of boots
Stlth   ..........              k - amulet of regeneration
HPRegen 2.24/turn               s - +6 ring of strength
MPRegen 0.14/turn               V - ring of protection from fire

@: berserking, resistant, strong-willed, regenerating, studying Stealth, very
quick
A: horns 2, retaliatory headbutt
a: Renounce Religion, Berserk, Trog's Hand, Brothers in Arms


You were in an ice cave.
You worshipped Trog.
Trog was extremely pleased with you.
You visited 3 branches of the dungeon, and saw 22 of its levels.
You also visited: Sewer, Ossuary, Bailey and Ice Cave.

You collected 3337 gold pieces.
You spent 2110 gold pieces at shops.

Inventory:

Hand Weapons
 a - the +11 trident "Voiskoeg" (weapon) {vorpal, *Slow rF+ Str+8}
   (You took it off an orc warrior in a bailey)

   It inflicts extra damage upon your enemies.
   Str:       It affects your strength (+8).
   rF:        It protects you from fire.
   *Slow:     It may slow you when you take damage.
 b - a +0 hand crossbow
 H - a +3 spear of venom
Missiles
 l - 4 curare-tipped darts
 m - 34 poisoned darts (quivered)
 D - 23 boomerangs
 O - a throwing net
Armour
 g - a +2 cloak of poison resistance (worn)
 x - a +2 buckler of cold resistance
 A - the -2 pair of gloves of Ivyp (worn) {Rampage rC+++ Will- Stlth+}
   (You bought it in a shop on level 3 of the Dungeon)

   rC:        It renders you almost immune to cold.
   Rampage:   It bestows one free step when moving towards enemies.
   Will:      It decreases your willpower.
   Stlth:     It makes you more stealthy.
 C - the +1 hat of Indemnity (worn) {Drain Dex+4 Stlth+}
   (You acquired it on level 7 of the Dungeon)

   Dex:       It affects your dexterity (+4).
   Drain:     It drains your maximum health when unequipped.
   Stlth:     It makes you more stealthy.
 E - +3 swamp dragon scales (worn)
 I - a +1 pair of boots (worn)
 Q - a +1 pair of gloves
 X - a +0 tower shield (worn)
Jewellery
 k - an amulet of regeneration (around neck)
 s - a +6 ring of strength (left hand)
 N - a +6 ring of strength
 T - a ring of see invisible
 U - a ring of flight
 V - a ring of protection from fire (right hand)
 Y - a ring of ice
Wands
 n - a wand of flame (13)
 o - a wand of quicksilver (6)
 w - a wand of paralysis (12)
 M - a wand of digging (3)
 P - a wand of mindburst (3)
 S - a wand of iceblast (11)
Scrolls
 f - 3 scrolls of identify
 j - 7 scrolls of fear
 t - a scroll of poison
 y - a scroll of butterflies
 L - 5 scrolls of teleportation
 R - 3 scrolls of enchant weapon
Potions
 c - 12 potions of curing
 h - 10 potions of mutation
 i - 3 potions of resistance
 p - 7 potions of brilliance
 q - a potion of cancellation
 r - a potion of lignification
 u - 3 potions of might
 v - 2 potions of berserk rage
 z - 2 potions of heal wounds
 G - a potion of attraction
 J - 2 potions of haste
 K - 12 potions of ambrosia
 W - a potion of flight
Miscellaneous
 d - a condenser vane
 e - a phantom mirror
 Z - a lightning rod (4/4)


   Skills:
 - Level 13.8 Fighting
 - Level 14.0 Polearms
 - Level 13.8 Armour
 - Level 12.6 Dodging
 - Level 9.9 Stealth
 + Level 17.1 Shields
 - Level 7.6 Evocations


You had 14 spell levels left.
You didn't know any spells.
Your spell library was empty.

Dungeon Overview and Level Annotations

Branches:
Dungeon (15/15)            Temple (0/1) D:7            Lair (5/5) D:11
 Shoals (0/4) Lair:2        Snake (0/4) Lair:3        Slime (0/5) Lair:4
    Orc (2/2) D:9             Elf (0/3) Orc:2        Vaults (0/5) D:14
  Sewer (visited)         Ossuary (visited)          Bailey (visited)
  IceCv (1/1)
 Depths: D:15

Altars:
Ashenzari
Kikubaaqudgha
Makhleb
Nemelex Xobeh
Okawaru
Qazlal
Uskayaw
Vehumet
Xom
Zin
Jiyva

Shops:
D:2 (   D:3 (*(:   D:13 =   Orc:2 ([**[

Annotations:
Lair:4 1 runed translucent door, Asai's ghost, journeyman DsEE


Innate Abilities, Weirdness & Mutations

You have a pair of horns on your head.
You reflexively headbutt those who attack you in melee.


Message History

The freezing wraith is destroyed!
Trog accepts your kill.
Your troll is engulfed in freezing vapours.
Your troll barely misses the freezing wraith. x2
Your troll claws the freezing wraith!
The Ice Fiend closely misses you.
The Ice Fiend claws you but does no damage.
The freezing wraith hits your troll. The freezing wraith freezes your troll!
The freezing wraith hits your troll!
Your troll dies!
Your troll's corpse disappears in a puff of smoke!
You block the Ice Fiend's attack. x2
You puncture the Ice Fiend!
The Ice Fiend is lightly wounded.
You puncture the Ice Fiend!
The Ice Fiend is lightly wounded.
Your two-headed ogre hits the freezing wraith with a +0 dire flail!!
Your two-headed ogre hits the freezing wraith with a +0 giant club!!!
The freezing wraith is destroyed!
Trog accepts your kill.
You block the Ice Fiend's attack. x2; The Ice Fiend claws you.
* * * LOW HITPOINT WARNING * * *
The Ice Fiend freezes you! You resist.
* * * LOW HITPOINT WARNING * * *
The Ice Fiend claws you.
* * * LOW HITPOINT WARNING * * *
The Ice Fiend freezes you! You resist.
* * * LOW HITPOINT WARNING * * *
You impale the Ice Fiend!! Your headbutt misses the Ice Fiend.
The Ice Fiend is heavily wounded.
You puncture the Ice Fiend!
The Ice Fiend is severely wounded.
The Ice Fiend closely misses you. You furiously retaliate!
You headbutt the Ice Fiend!! The Ice Fiend claws you.
* * * LOW HITPOINT WARNING * * *
The Ice Fiend freezes you! You resist.
* * * LOW HITPOINT WARNING * * *
The Ice Fiend claws you!
* * * LOW HITPOINT WARNING * * *
The Ice Fiend freezes you! You resist.
You die...

### ### [|) ##.. ...
##..∩ ###.### #....
## ..... ## #...∩
###.. ...##.## ##...
.... #11....# ##..
....#@...# # ##..
§...###..#O.###§§§
#...
§Z.......#....☼§§§
#...
...§.##......##°§W#
##..
...#☼.##......###§°.
#####.
...§...#........#
#.Z.#...##
#...#§.####..##....
#.....#.
#.........##....#
#...
###...........###
####..


You could see 2 Ice Fiends and a friendly two-headed ogre (summoned, berserk).

Vanquished Creatures
  An orc warlord (Orc:1)
  A fire dragon (Lair:5)
  5 hydras
  3 vault guards (D:14)
  4 centaur warriors
  5 boulder beetles
  A two-headed ogre (D:11)
  8 death yaks
  A tengu warrior (D:14)
  An orc high priest (Bailey)
  Sonja (D:10)
  An obsidian statue (IceCv)
  A bog body (IceCv)
  4 lindwurms (Lair:2)
  A wizard (D:14)
  A swamp dragon (Lair:5)
  Pikel (D:9)
  4 spriggan simulacra (IceCv)
  3 deep elf pyromancers
  2 orc knights
  A wolf spider (Lair:5)
  4 cyclopes
  3 orc sorcerers
  An oklob plant (Lair:3)
  3 ugly things (D:15)
  3 manticores
  Joseph (D:6)
  3 black mambas
  Maurice (Orc:2)
  A guardian serpent (shapeshifter) (D:14)
  An elephant (Lair:2)
  2 ice statues (D:15)
  A guardian serpent (D:13)
  2 gargoyles (D:11)
  12 cane toads
  Psyche (D:8)
  2 unseen horrors
  Maggie (D:6)
  2 efreet
  2 ice devils (IceCv)
  9 rime drakes
  7 komodo dragons
  A tengu conjurer (D:14)
  6 kobold demonologists
  8 freezing wraiths
  10 trolls
  3 meliai (D:14)
  A polar bear (shapeshifter) (D:14)
  2 queen bees
  10 polar bears
  A blink frog (shapeshifter) (D:14)
  6 dream sheep
  29 blink frogs
  A raiju (Lair:5)
  12 slime creatures
  3 shadows
  7 wyverns
  A dire elephant simulacrum (IceCv)
  31 yaks
  A vampire (D:10)
  4 wraiths
  A golden eye (shapeshifter) (D:13)
  A human (shapeshifter) (D:14)
  13 basilisks
  3 steam dragons
  7 wargs
  6 vampire mosquitoes
  2 minotaur simulacra (IceCv)
  A harpy simulacrum (IceCv)
  3 nagas (Lair:3)
  5 acid dragons
  19 hell hounds
  14 water moccasins
  2 swamp drakes (Lair:5)
  15 black bears
  Pargi (Sewer)
  3 ice beasts
  35 orc warriors
  8 ogres
  21 wolves
  3 lemures (D:9)
  5 centaurs
  7 kobold brigands
  7 bullfrogs
  A necrophage (D:4)
  2 scorpions
  3 deep troll simulacra (IceCv)
  8 wights
  53 killer bees
  4 howler monkeys
  3 electric eels
  A centaur zombie (Ossuary)
  5 gnoll boudas
  2 hounds
  21 orc priests
  3 jellies
  7 iguanas
  Jessica (D:3)
  31 orc wizards
  14 hell rats
  2 mummies (Ossuary)
  6 river rats
  3 adders
  36 gnolls
  A worm (D:3)
  3 dart slugs
  75 orcs
  7 ball pythons
  6 endoplasms
  4 giant cockroaches
  12 goblins
  11 hobgoblins
  3 jackals
  26 kobolds
  13 quokkas
  4 bats
  2 frilled lizards
  6 gnoll zombies (Ossuary)
  4 goblin zombies (Ossuary)
  3 hobgoblin zombies (Ossuary)
  8 rats
825 creatures vanquished.

Vanquished Creatures (collateral kills)
  An orc warlord (Orc:2)
  A hydra (D:14)
  A vault guard (D:14)
  A centaur warrior (D:14)
  2 orc sorcerers (Orc:2)
  A cyclops (D:14)
  2 freezing wraiths (IceCv)
  An ice devil (IceCv)
  2 wargs
  4 orc warriors
  A deep troll simulacrum (IceCv)
  An orc wizard (Orc:2)
  3 orcs
21 creatures vanquished.

Vanquished Creatures (others)
  An orc wizard (Orc:1)
  28 fungi
  56 plants
85 creatures vanquished.

Grand Total: 931 creatures vanquished

Notes
Turn   | Place    | Note
-------+----------+-------------------------------------------
     0 | D:1      | raph the Minotaur Berserker began the quest for the Orb.
     0 | D:1      | Reached XP level 1. HP: 19/19 MP: 0/0
    83 | D:1      | Reached XP level 2. HP: 26/26 MP: 1/1
   248 | D:1      | Reached skill level 5 in Polearms
   261 | D:1      | Reached XP level 3. HP: 31/31 MP: 2/2
   279 | D:1      | Reached ** piety under Trog
   906 | D:2      | Found a faded altar of an unknown god.
   924 | D:2      | Found Omuteune's Antique Weapon Boutique.
  1132 | D:3      | Reached XP level 4. HP: 39/39 MP: 3/3
  1136 | D:3      | Found an ancient bone altar of Kikubaaqudgha.
  1236 | D:3      | Found Kaehy's Antique Weapon Shop.
  1257 | D:3      | Found Petytisa's General Store.
  1266 | D:3      | Bought a wand of quicksilver (2) for 109 gold pieces
  1287 | D:3      | Found Kykkasch's Weapon Shoppe.
  1385 | D:3      | Reached XP level 5. HP: 45/45 MP: 4/4
  1519 | D:3      | Found a glowing drain.
  1523 | Sewer    | Entered a sewer
  1570 | Sewer    | Noticed Pargi
  1578 | Sewer    | Killed Pargi
  1653 | D:3      | Found Notimur's Book Boutique.
  1818 | D:3      | Reached XP level 6. HP: 51/51 MP: 5/5
  1882 | D:3      | Noticed Jessica
  1886 | D:3      | Killed Jessica
  2084 | D:4      | Reached *** piety under Trog
  2158 | D:4      | Found a shimmering altar of Xom.
  2412 | D:4      | Reached XP level 7. HP: 30/57 MP: 6/6
  2567 | D:4      | Reached skill level 10 in Polearms
  2581 | D:4      | Found a stormy altar of Qazlal.
  2830 | D:5      | Entered Level 5 of the Dungeon
  2962 | D:5      | Found a glowing silver altar of Zin.
  3190 | D:5      | Found a radiant altar of Vehumet.
  3235 | D:5      | Reached XP level 8. HP: 64/64 MP: 7/7
  3526 | D:6      | Reached skill level 1 in Shields
  3546 | D:6      | Reached skill level 2 in Shields
  3601 | D:6      | Found a sand-covered staircase.
  3606 | Ossuary  | Entered an ossuary
  4022 | D:3      | Bought the -2 pair of gloves of Ivyp {Rampage rC+++ Will-
                  | Stlth+} for 456 gold pieces
  4133 | D:6      | Reached skill level 3 in Shields
  4179 | D:6      | Reached skill level 5 in Fighting
  4188 | D:6      | Reached **** piety under Trog
  4590 | D:6      | Noticed Maggie
  4607 | D:6      | Killed Maggie
  4608 | D:6      | Reached XP level 9. HP: 74/74 MP: 8/8
  4648 | D:6      | Found an iron altar of Okawaru.
  4978 | D:7      | Found a flagged portal.
  4984 | Bailey   | Entered a bailey
  5259 | Bailey   | Noticed an orc knight
  5277 | Bailey   | Killed an orc knight
  5278 | Bailey   | Reached skill level 5 in Armour
  5278 | Bailey   | Reached skill level 4 in Shields
  5331 | Bailey   | Reached skill level 5 in Dodging
  5342 | Bailey   | Reached skill level 5 in Shields
  5778 | Bailey   | Found an iron altar of Okawaru.
  5780 | Bailey   | Noticed a kobold demonologist
  5780 | Bailey   | Noticed an orc high priest
  5785 | Bailey   | Identified the +11 trident "Voiskoeg" {vorpal, *Slow rF+
                  | Str+8}
  5790 | Bailey   | Killed a kobold demonologist
  5794 | Bailey   | Killed an orc high priest
  5795 | Bailey   | Reached skill level 6 in Shields
  5800 | Bailey   | Reached XP level 10. HP: 86/86 MP: 9/9
  6303 | D:7      | Acquired the +1 hat of Indemnity {Drain Dex+4 Stlth+}
  6487 | D:7      | Noticed Joseph
  6637 | D:6      | Killed Joseph
  6638 | D:6      | Reached skill level 7 in Shields
  6871 | D:7      | Found a staircase to the Ecumenical Temple.
  7407 | D:8      | Reached skill level 8 in Shields
  7526 | D:8      | Noticed Psyche
  7532 | D:8      | Killed Psyche
  7720 | D:9      | Found a broken altar of Ashenzari.
  7803 | D:9      | Found a staircase to the Orcish Mines.
  7856 | D:9      | Reached XP level 11. HP: 97/97 MP: 10/10
  7874 | D:9      | Noticed Pikel
  7884 | D:9      | Killed Pikel
  8126 | D:9      | Reached ***** piety under Trog
  8197 | D:9      | Reached skill level 9 in Shields
  8234 | D:9      | Noticed a three-headed hydra
  8244 | D:9      | Killed a three-headed hydra
  8349 | D:9      | Found a burning altar of Makhleb.
  8349 | D:9      | Found the +6 shillelagh "Devastator" {shatter}
  8707 | D:10     | Entered Level 10 of the Dungeon
  8959 | D:3      | Bought a wand of iceblast (8) for 249 gold pieces
  9163 | D:10     | Found a hide-covered altar of Uskayaw.
  9430 | D:10     | Noticed Sonja
  9438 | D:10     | Killed Sonja
  9439 | D:10     | Reached skill level 10 in Shields
  9451 | D:10     | Found a sparkling altar of Nemelex Xobeh.
  9690 | D:11     | Reached skill level 10 in Fighting
  9811 | D:11     | Reached skill level 1 in Evocations
  9912 | D:11     | Noticed a death yak
  9913 | D:11     | Noticed a death yak
  9920 | D:11     | Noticed a death yak
  9930 | D:11     | Killed a death yak
  9938 | D:11     | Killed a death yak
  9939 | D:11     | Reached skill level 10 in Armour
  9939 | D:11     | Reached XP level 12. HP: 106/106 MP: 11/11
  9942 | D:11     | Killed a death yak
  9957 | D:11     | Noticed a two-headed ogre
  9969 | D:11     | Found a staircase to the Lair.
  9976 | D:11     | Killed a two-headed ogre
  9977 | D:11     | Reached skill level 11 in Shields
 10469 | Lair:1   | Entered Level 1 of the Lair of Beasts
 10577 | Lair:1   | Acquired a manual of Stealth
 10761 | Lair:1   | Reached skill level 1 in Stealth
 11096 | Lair:2   | Noticed a seven-headed hydra
 11104 | Lair:2   | Killed a seven-headed hydra
 11266 | Lair:2   | Reached skill level 12 in Shields
 11382 | Lair:2   | Found a staircase to the Shoals.
 11570 | Lair:2   | Received a gift from Trog
 11737 | Lair:2   | Reached skill level 10 in Dodging
 11928 | Lair:2   | Reached XP level 13. HP: 115/116 MP: 12/12
 12108 | Lair:2   | Found the +7 great mace "Firestarter" {inner flame, rF++}
 12531 | Lair:3   | Found a staircase to the Snake Pit.
 12721 | Lair:3   | Reached skill level 13 in Shields
 13013 | Lair:3   | Received a gift from Trog
 13453 | Lair:4   | Reached skill level 5 in Stealth
 13810 | Lair:4   | Found a staircase to the Slime Pits.
 13811 | Lair:4   | Found a viscous altar of Jiyva.
 14003 | Lair:4   | Found a runed translucent door.
 14006 | Lair:4   | Noticed Asai's ghost (journeyman DsEE)
 14245 | Lair:5   | Entered Level 5 of the Lair of Beasts
 14275 | Lair:5   | Reached skill level 5 in Evocations
 14730 | Lair:5   | Reached skill level 14 in Shields
 14905 | Lair:5   | Reached XP level 14. HP: 122/126 MP: 13/13
 15217 | Lair:5   | Reached ****** piety under Trog
 15288 | Lair:5   | Received a gift from Trog
 16289 | Orc:1    | Entered Level 1 of the Orcish Mines
 16415 | Orc:1    | Received a gift from Trog
 16578 | Orc:1    | Noticed an orc warlord
 16631 | Orc:1    | Killed an orc warlord
 16632 | Orc:1    | Reached skill level 15 in Shields
 17244 | Orc:2    | Entered Level 2 of the Orcish Mines
 17353 | Orc:2    | Found a staircase to the Elven Halls.
 17366 | Orc:2    | Found Sirys's Gadget Gallery.
 17374 | Orc:2    | Bought a condenser vane for 520 gold pieces
 17374 | Orc:2    | Bought a phantom mirror for 520 gold pieces
 17548 | Orc:2    | Noticed Maurice
 17553 | Orc:2    | Paralysed by something for 3 turns
 17560 | Orc:2    | Killed Maurice
 17725 | Orc:2    | Noticed an orc warlord
 17742 | Orc:2    | Killed an orc warlord
 17962 | Orc:2    | Found Cionoit's Antique Armour Shop.
 17964 | Orc:2    | Found Wibumm's Antique Weapon Boutique.
 18085 | Orc:2    | Found Kyluer's Armour Emporium.
 18179 | Orc:2    | Found Kaxoef's Assorted Antiques.
 18315 | Orc:2    | Bought a scroll of identify for 46 gold pieces
 18386 | Orc:2    | Received a gift from Trog
 19445 | D:13     | Reached XP level 15. HP: 135/135 MP: 14/14
 19845 | D:13     | Identified the -2 helmet "Haecutoweu" {Contam rF+ rC+}
 19928 | D:13     | Found Gabuc's Jewellery Boutique.
 19956 | D:13     | Bought a ring of see invisible for 210 gold pieces
 20577 | D:14     | Reached skill level 16 in Shields
 20726 | D:14     | Found a gate to the Vaults.
 20823 | D:14     | Identified the +2 leather armour of Reseucis {Rampage +Inv}
 21496 | D:15     | Entered Level 15 of the Dungeon
 21587 | D:15     | Found a radiant altar of Vehumet.
 21606 | D:15     | Received a gift from Trog
 21722 | D:15     | Found a frozen archway.
 21811 | IceCv    | Entered an ice cave
 22148 | IceCv    | Noticed an Ice Fiend
 22148 | IceCv    | Noticed an Ice Fiend
 22155 | IceCv    | Reached skill level 17 in Shields
 22163 | IceCv    | HP: 7/205 [Ice Fiend (10)]
 22163 | IceCv    | Slain by an Ice Fiend

Illustrated notes

Levels and vault maps discovered:
D:1:      amcnicky_arrival_underground_garden, layout_rooms
D:2:      layout_loops_ring, dreamdust_ecumenical_altar_angels_and_demons,
          serial_shops, nicolae_shop_statue_plus
D:3:      layout_loops_ring, mainiacjoe_overflow_paths, serial_shops, shop,
          nicolae_shop_crystal, nicolae_shop_advertising_works
          [nicolae_subvault_shop_adworks], nicolae_diamond_shop,
          gup_sewer_entry_bowl, kennysheep_jessica_study
D:4:      layout_basic, nicolae_qazlal_eye_of_the_storm,
          brannock_xom_greatest_gift, saegor_snake_ambush
D:5:      layout_rooms, kennysheep_mini_moat, zin_statuary,
          mrwooster_statue_mirror
D:6:      layout_loops_ring, mainiacjoe_overflow_six_doors_small,
          lightli_ossuary_entry_decrepit_ruins, chequers_hall_statues_y,
          kennysheep_generic_room_4, uniq_maggie
D:7:      layout_loops_ring, minmay_temple_entry_hall, enter_bailey_2,
          uniq_joseph
D:8:      layout_cave_pools, minmay_crystal_room, uniq_psyche
D:9:      layout_rooms, old_standard_altar, bloody_makhleb, orc_0_dummy,
          st_stairs_13, hangedman_ranch, uniq_pikel
D:10:     nicolae_BIG_FREAKIN_CUBE, layout_irregular_city, old_standard_altar,
          lemuel_coloured_pillars_altar, uniq_sonja
D:11:     layout_long_grid, dpeg_lair_monsters
D:12:     layout_big_octagon, minmay_misc_feat_room, serial_park_tiny_2,
          dk_noncrumbling_2
D:13:     layout_stronghold, serial_shops, shop, nrook_guardian_serpent_double
D:14:     nicolae_cairo_tiling_large_dashed, layout_loops_ring,
          lightli_vaults_fourway_checkpoint, special_room
          [special_room_mythical_zoo]
D:15:     gammafunk_enter_depths_forms, layout_basic, vehumet_crystals,
          portal_ice_cave_entry_ice_statue_two
Lair:1:   gammafunk_indiana_jones, layout_cave_shapes, st_stairs_4
Lair:2:   regret_index_bee_streams, layout_long_grid, shoals_dummy_entry,
          minmay_lindwurm_lava, serial_bayou_shore_a
Lair:3:   layout_roguey [special_room_bee], guppyfry_snake_entry_island,
          hangedman_lair_generics_rect, infiniplex_staircase_pool_2
Lair:4:   layout_regular_city, slime_entry_1, ebering_ghost_inner_flame
Lair:5:   hangedman_lair_caniforms_friends, layout_cave_pods,
          guppyfry_lair_end_dragon, serial_bayou_pond_d, grunt_megastairs_2
Orc:1:    layout_caves, nicolae_orc_pool_cavern
Orc:2:    grunt_orc_community_town_hall, layout_caves,
          grunt_orc_community_big_house_1, grunt_orc_community_big_house_1,
          grunt_orc_community_house_1, grunt_orc_community_house_2,
          grunt_orc_community_house_2, grunt_orc_community_house_1,
          grunt_orc_community_house_1, nicolae_shop_gadgets, uniq_maurice
IceCv:    ice_cave_small_demon

Skill      XL: |  1  2  3  4  5  6  7  8  9 10 11 12 13 14 15 |
---------------+----------------------------------------------+-----
Polearms       | 4 5 6 7 8 9 11 12 13 14 | 14.0
Shields        | 3 6 8 10 12 14 15 17 | 17.1
Fighting       | 5 7 9 10 11 12 13 | 13.8
Armour         | 4 6 8 10 11 12 13 | 13.8
Dodging        | 4 6 7 9 10 11 12 | 12.6
Evocations     | 1 3 5 6 7 |  7.6
Stealth        | 3 6 8 9 |  9.9

Action                   |  1- 3 |  4- 6 |  7- 9 | 10-12 | 13-15 || total
-------------------------+-------+-------+-------+-------+-------++-------
Melee: Spear             |    76 |   111 |   265 |       |       ||   452
       Headbutt          |     5 |    11 |    33 |    61 |   218 ||   328
       Punch             |     2 |       |       |       |       ||     2
       Trident           |       |       |       |   503 |  1140 ||  1643
       Unarmed           |       |       |       |    25 |       ||    25
 Fire: Hand crossbow     |       |       |       |       |     3 ||     3
Throw: Dart              |       |       |     2 |     9 |    10 ||    21
       Boomerang         |       |       |       |       |     3 ||     3
Invok: Berserk           |     1 |     2 |    10 |    13 |    15 ||    41
       Trog's Hand       |       |       |     1 |     4 |     5 ||    10
       Brothers in Arms  |       |       |       |       |     7 ||     7
Evoke: Wand              |       |       |       |     1 |     6 ||     7
       Lightning rod     |       |       |       |       |     3 ||     3
  Use: Scroll            |     8 |     2 |     3 |    14 |     8 ||    35
       Potion            |       |       |       |       |     3 ||     3
 Stab: Sleeping          |       |       |       |    12 |    39 ||    51
       Distracted        |       |       |       |     2 |     9 ||    11
       Paralysed         |       |       |       |     2 |       ||     2
Armor: Ring mail         |    16 |       |       |       |       ||    16
       Chain mail        |     1 |    31 |    25 |       |       ||    57
       Swamp dragon scal |       |       |     3 |    87 |   201 ||   291
       Skin              |       |       |       |     4 |       ||     4
Dodge: Dodged            |    21 |    21 |    28 |   179 |   362 ||   611
Block: Buckler           |       |       |    20 |    20 |       ||    40
       Kite shield       |       |       |       |   173 |   123 ||   296
       Tower shield      |       |       |       |       |   590 ||   590
